 Dungeon Crawl Stone Soup version 0.30-a0-122-g2a1322497e (webtiles) character file.

Game seed: 5725207760134882840

133 Dreamer the Sneak (level 4, -2/30 HPs)
             Began as a Vampire Enchanter on Sept 16, 2022.
             Slain by a gnoll
             ... wielding a +0 club
              (6 damage)
             ... on level 3 of the Dungeon.
             The game lasted 00:09:50 (2325 turns).

Dreamer the Sneak (Vampire Enchanter)               Turns: 2325, Time: 00:09:51

Health: -2/30      AC:  5    Str:  7    XL:     4   Next: 94%
Magic:  3/8        EV: 12    Int: 17    God:
Gold:   32         SH:  0    Dex: 16    Spells: 6/8 levels left

rFire   . . .      SeeInvis +    a - +1 dagger
rCold   . . .      Faith    .    (no shield)
rNeg    . . .      Spirit   .    b - +0 robe
rPois   .          Reflect  .    i - +0 helmet
rElec   .          Harm     .    (no cloak)
rCorr   .          Rampage  .    d - +0 pair of gloves
Will    .....                    j - +0 pair of boots
Stlth   +++.......               (no amulet)
HPRegen 0.30/turn                (no ring)
MPRegen 0.11/turn                (no ring)

@: healing quickly
A: alive, fangs 3, see invisible, vampiric 2
a: Exsanguinate


You were on level 3 of the Dungeon.
You visited 1 branch of the dungeon, and saw 3 of its levels.

You collected 82 gold pieces.
You spent 50 gold pieces at shops.

Inventory:

Hand Weapons
 a - a +1 dagger (weapon)
Armour
 b - a +0 robe (worn)
 d - a +0 pair of gloves (worn)
 i - a +0 helmet (worn)
 j - a +0 pair of boots (worn)
Jewellery
 n - a ring of ice
Scrolls
 e - a scroll of immolation
 f - a scroll of butterflies
 g - 4 scrolls of teleportation
 h - a scroll of noise {unknown}
 l - a scroll of torment {unknown}
 m - a scroll of summoning {unknown}
 o - a scroll of magic mapping {unknown}
Potions
 c - 2 potions of invisibility
 k - a potion of heal wounds


   Skills:
 + Level 2.6 Short Blades
 - Level 2.1 Dodging
 + Level 5.8 Stealth
 + Level 2.9 Spellcasting
 + Level 5.6 Hexes


You had 6 spell levels left.
You knew the following spells:

 Your Spells              Type           Power      Damage    Failure   Level
a - Ensorcelled Hibernat  Hex/Ice        24%        N/A       9%          2

Your spell library contained the following spells:

 Spells                   Type           Power      Damage    Failure   Level
 Confusing Touch          Hex            21%        N/A       5%          3
 Tukima's Dance           Hex            21%        N/A       5%          3
 Dazzling Flash           Conj/Hex       24%        N/A       17%         3
 Blink                    Tloc           4%         N/A       26%         2
 Lesser Beckoning         Tloc           2%         N/A       47%         3
 Manifold Assault         Tloc           2%         N/A       87%         4


Dungeon Overview and Level Annotations

Branches:
Dungeon (3/15)

Altars:

Shops:
D:2 [=?

Annotations:
D:3 exclusion: phantom


Innate Abilities, Weirdness & Mutations

Your natural rate of healing is accelerated.
You have razor-sharp teeth.
You have supernaturally acute eyesight. (SInv)
You are afflicted with vampirism and can become a bat while bloodless.


Message History

You impale the hobgoblin!!
You kill the hobgoblin!
Things that are here:
a +1 whip of venom; a +0 short sword
There is a stone staircase leading up here.
There is a stone staircase leading up here.
Found a helmet.
Found an escape hatch in the ceiling.
You see here a +0 helmet.
i - a +0 helmet You start putting on your armour.
You continue putting on your +0 helmet. x4
You finish putting on your +0 helmet.
Found a scroll labelled XIGHISCH KOCHAL.
Found a stone staircase leading up.
A gnoll comes into view. It is wielding a +0 spear.
You see here a scroll labelled XIGHISCH KOCHAL.
Aiming: Ensorcelled Hibernation (safe; 9% risk of failure)
Press: ? - help, Q - select action Shift-Dir - straight line, f - you
Okay, then.
The gnoll shouts!
You hear a shout!
A gnoll comes into view. It is wielding a +0 club.
The gnoll shouts!
The gnoll misses you.
The gnoll resists with significant effort.
The gnoll hits you from afar with a +0 spear.
The gnoll resists with significant effort.
The gnoll hits you from afar with a +0 spear.
The gnoll resists with significant effort.
The gnoll hits you with a +0 club.
The gnoll hits you from afar with a +0 spear.
You are too injured to fight recklessly!
The gnoll attacks as you move away! The gnoll closely misses you.
The gnoll attacks as you move away! The gnoll hits you with a +0 club.
The gnoll attacks as you move away! The gnoll hits you with a +0 club.
* * * LOW HITPOINT WARNING * * *
The gnoll attacks as you move away! The gnoll hits you with a +0 club.
* * * LOW HITPOINT WARNING * * *
There is an escape hatch in the ceiling here.
The gnoll hits you with a +0 club.
You die...

#..# #.# #.... #..#
#.# ##### #..# #.#
#######..#####.# #
#..............#
#.##.#####..####..#
.#.#.#...####...#
#..#
#......?....g...#
#..#
.....#...####g@.#
#.<# ........##
##.## #..# #
##.<##..# #.#
#..####### # #. #..#
#.# #............
... ...# #.#
#.########### .
##..# #.# #.# #...
..# #.###########
....
########........)...
#.##
............†.......


You could see 2 gnolls.

Vanquished Creatures
  8 adders
  A worm (D:2)
  2 dart slugs (D:2)
  4 endoplasms
  4 giant cockroaches
  3 goblins
  6 hobgoblins
  9 jackals
  4 kobolds
  5 ball pythons
  5 bats
  A frilled lizard (D:2)
  3 rats
55 creatures vanquished.

Notes
Turn   | Place    | Note
-------+----------+-------------------------------------------
     0 | D:1      | Dreamer the Vampire Enchanter began the quest for the Orb.
     0 | D:1      | Reached XP level 1. HP: 13/13 MP: 3/3
   150 | D:1      | Reached XP level 2. HP: 18/19 MP: 5/5
   163 | D:1      | Learned a level 2 spell: Ensorcelled Hibernation
   880 | D:2      | Found Ureukh's Armour Emporium.
   937 | D:2      | Reached skill level 5 in Stealth
   937 | D:2      | Gained mutation: You are afflicted with vampirism and can
                  | become a bat while bloodless. [Vampire growth]
   937 | D:2      | Reached XP level 3. HP: 24/24 MP: 1/6
  1020 | D:2      | Reached skill level 5 in Hexes
  1077 | D:2      | Found a faded altar of an unknown god.
  1342 | D:2      | Reached XP level 4. HP: 24/30 MP: 5/7
  1716 | D:2      | Found Wofuuci's Jewellery Shoppe.
  1787 | D:2      | Found Tuysch Xisu's Magic Scroll Shop.
  1798 | D:2      | Bought a scroll of teleportation for 30 gold pieces
  1798 | D:2      | Bought a scroll of identify for 20 gold pieces
  2196 | D:3      | Noticed a phantom
  2253 | D:3      | Noticed a kobold brigand
  2325 | D:3      | Slain by a gnoll

Illustrated notes

Levels and vault maps discovered:
D:1:      minmay_arrival_wavy_path, layout_loops_cross
D:2:      layout_basic, shapermc_ecumenical_altar_totnotflames, serial_shops,
          shop, shop, shop_fountains, nicolae_eternal_life
D:3:      layout_loops_ring, minivault_26

Skill      XL: |  1  2  3 |
---------------+----------+-----
Stealth        | 5 |  5.8
Short Blades   | 2 |  2.6
Hexes          | 5 |  5.6
Dodging        | |  2.1
Spellcasting   | |  2.9

Action                   |  1- 3 |  4- 6 || total
-------------------------+-------+-------++-------
Melee: Dagger            |   136 |    37 ||   173
       Bite              |    10 |     6 ||    16
 Cast: Ensorcelled Hiber |    18 |    11 ||    29
  Use: Scroll            |       |     3 ||     3
 Stab: Sleeping          |    17 |    11 ||    28
Armor: Robe              |    27 |    17 ||    44
Dodge: Dodged            |    77 |    28 ||   105

Table legend: (Time is in decaauts)
 A = Elapsed time spent in this place.
 B = Non-inter-level travel time spent in this place.
 C = Inter-level travel time spent in this place.
 D = Time resting spent in this place.
 E = Time spent auto-exploring this place.
 F = Levels seen in this place.
 G = Mean time per level.
                   A        B        C        D        E       F      G
               +--------+--------+--------+--------+--------+-----+--------+
         Total |   2307 |   2278 |     29 |    290 |   1433 |   3 |  769.0 |
       Dungeon |   2307 |   2278 |     29 |    290 |   1433 |   3 |  769.0 |
               +--------+--------+--------+--------+--------+-----+--------+

Top non-repeatable levels by time:
     D:2: 1251 daAuts
     D:1: 869 daAuts
     D:3: 186 daAuts
